Map: [ESL] Goldenaura

Players

DKZDark (Dark) - Winner!

  • Race: Zerg Zerg
  • League: Master
  • Spawn Location: 12:00

ByuN

  • Race: Terran Terran
  • Spawn Location: 5:00

VOD

Have the link to the VOD?

Description

Time

  • Played on: Dec. 30, 2023, 8:56 a.m.
  • Length: 22:56
Show
View Real Time Build Order
Export as new Build Order

DKZDark Zerg - Winner!

Build Orders: Hatch First 

Get SALT Encoding   

  12  0:00  Drone  
  13  0:13  Overlord  
  13  0:17  Drone  
  14  0:32  Drone x2  
  16  0:48  Hatchery  
  15  0:51  Drone  
  15  0:55  Drone  
  17  0:59  Drone  
  18  1:13  Spawning Pool  
  18  1:16  Drone  
  18  1:24  Drone  
  19  1:30  Drone  
  20  1:40  Drone  
  21  1:49  Hatchery  
  21  1:51  Drone  
  21  2:00  Queen  
  23  2:02  Zergling x4  
  25  2:10  Queen  
  27  2:17  Overlord  
  27  2:18  Zergling x2  
  28  2:36  Queen  
  30  2:38  Drone x2  
  32  2:46  Overlord  
  32  2:47  Drone  
  32  2:48  Drone  
  36  3:01  Queen  
  36  3:03  Zergling x4  
  38  3:07  Drone x2  
  38  3:09  Drone x2  
  38  3:11  Queen  
  44  3:18  Drone x3  
  44  3:19  Drone x2  
  48  3:25  Drone  
  49  3:28  Overlord  
  49  3:38  Queen  
  49  3:45  Queen  
  49  3:46  Zergling x6  
  49  3:47  Queen  
  53  3:51  Zergling x6  
  54  3:56  Zergling x2  
  54  3:57  Zergling x4  
  57  4:06  Drone x2  
  57  4:07  Drone  
  58  4:12  Overlord  
  58  4:14  Overlord  
  58  4:24  Overlord  
  57  4:27  Overlord  
  57  4:29  Queen x2, Overlord  
  62  4:31  Drone x3  
  62  4:32  Queen  
  62  4:37  Drone x2  
  68  4:38  Extractor  
  68  4:39  Extractor  
  68  4:40  Drone  
  68  4:43  Drone  
  68  4:46  Drone  
  68  4:50  Drone  
  70  4:55  Drone  
  70  4:56  Drone  
  70  4:58  Hatchery  
  71  5:00  Extractor  
  69  5:08  Drone x8  
  69  5:12  Queen  
  79  5:18  Drone x2  
  81  5:23  Drone  
  81  5:26  Queen  
  81  5:27  Drone, Extractor  
  84  5:29  Drone  
  86  5:35  Hatchery  
  86  5:38  Drone x2  
  88  5:43  Hatchery  
  88  5:47  Metabolic Boost  
  88  5:48  Drone x2, Baneling Nest  
  88  5:50  Evolution Chamber  
  88  5:51  Hatchery, Overlord x2  
  88  5:53  Evolution Chamber  
  88  5:56  Extractor, Lair  
  84  6:04  Drone  
  85  6:05  Drone x4  
  85  6:10  Drone x4  
  85  6:11  Drone  
  94  6:17  Drone x3  
  97  6:19  Zerg Melee Weapons Level 1, Zerg Ground Armor Level 1  
  97  6:22  Drone  
  98  6:31  Hatchery, Zergling x8  
  98  6:32  Zergling x2  
  102  6:38  Zergling x6  
  105  6:40  Overlord  
  105  6:46  Overlord x2  
  105  6:56  Zergling x8  
  105  6:59  Zergling x2  
  105  7:00  Zergling x4  
  112  7:08  Drone x4  
  115  7:10  Centrifugal Hooks  
  115  7:12  Hydralisk Den, Drone  
  116  7:18  Baneling x11  
  116  7:19  Baneling  
  116  7:20  Zergling x8  
  116  7:22  Drone x4  
  124  7:28  Zergling x10  
  124  7:29  Infestation Pit  
  121  7:42  Zergling x20  
  127  7:50  Zergling x8  
  127  7:53  Zergling x2  
  127  7:55  Baneling  
  127  7:56  Baneling x14  
  128  8:00  Zergling x12  
  128  8:04  Zergling x4  
  135  8:07  Zergling x12  
  135  8:11  Overlord x3  
  141  8:13  Zerg Melee Weapons Level 2, Zerg Ground Armor Level 2  
  141  8:23  Overlord  
  141  8:24  Overlord x2  
  141  8:25  Hatchery  
  141  8:26  Overlord  
  140  8:32  Zergling x18  
  146  8:36  Zergling x2  
  142  8:43  Zergling x18  
  142  8:47  Zergling x12  
  148  8:52  Zergling x8  
  148  8:55  Burrow  
  148  8:57  Hive  
  148  8:59  Zergling x2  
  144  9:09  Zergling x10  
  138  9:19  Zergling x10  
  80  9:24  Grooved Spines  
  134  9:26  Drone x6  
  139  9:35  Baneling x7  
  139  9:37  Zergling x10  
  144  9:38  Baneling x3  
  137  9:51  Hydralisk  
  137  9:52  Hydralisk x4  
  130  9:55  Hydralisk x5  
  137  10:05  Hydralisk x7  
  150  10:14  Zergling x2, Muscular Augments  
  150  10:15  Zergling x6  
  153  10:22  Zergling x12  
  153  10:26  Zergling x6  
  139  10:38  Zergling x18  
  139  10:41  Baneling  
  143  10:43  Baneling  
  143  10:45  Zergling x8  
  143  10:48  Viper  
  143  10:49  Viper  
  153  10:51  Hatchery, Adrenal Glands  
  152  10:57  Zergling x4  
  152  10:58  Zergling x2  
  152  11:01  Zergling x6  
  153  11:12  Zerg Ground Armor Level 3  
  153  11:13  Zergling x2  
  153  11:14  Zergling x10  
  153  11:18  Baneling x3  
  153  11:22  Zergling x6  
  148  11:31  Zergling x4  
  129  11:38  Hydralisk x4  
  128  11:46  Zergling x4  
  130  11:49  Zergling x4  
  130  11:55  Zergling x6  
  131  12:02  Zergling x2  
  131  12:05  Zergling x2  
  131  12:06  Zergling x4  
  131  12:07  Baneling x13  
  135  12:09  Hatchery  
  135  12:13  Zergling x2  
  135  12:15  Zergling x4  
  137  12:21  Zergling x4  
  139  12:27  Zergling x6  
  141  12:31  Zergling x2  
  141  12:37  Baneling  
  141  12:38  Baneling x5  
  141  12:40  Baneling x8  
  141  12:42  Zergling x8  
  145  12:48  Evolution Chamber  
  145  12:49  Zergling x6  
  147  12:51  Queen x2  
  147  12:52  Queen  
  147  12:55  Zergling x2  
  151  13:06  Zergling x8  
  152  13:13  Zergling x6  
  152  13:17  Zergling x2  
  156  13:21  Zergling x6  
  156  13:25  Zergling x2  
  160  13:32  Ultralisk Cavern  
  160  13:33  Zergling x2  
  160  13:34  Zergling x4  
  156  13:38  Zergling x2  
  156  13:39  Zerg Missile Weapons Level 1  
  136  13:49  Zerg Melee Weapons Level 3  
  125  13:56  Zergling x14  
  127  14:06  Zergling x22  
  127  14:07  Baneling x2  
  127  14:08  Drone x3  
  137  14:17  Infestor x2  
  137  14:22  Infestor x2, Hatchery  
  144  14:26  Infestor  
  146  14:34  Chitinous Plating  
  146  14:36  Drone x5  
  151  14:38  Drone  
  151  14:39  Drone  
  151  14:45  Baneling x4  
  153  14:57  Extractor  
  152  15:04  Ultralisk  
  152  15:05  Drone x2  
  160  15:09  Drone x9, Extractor  
  160  15:10  Extractor  
  160  15:13  Infestor, Zergling x6  
  166  15:22  Zergling x10  
  170  15:28  Hatchery  
  170  15:34  Drone  
  170  15:35  Drone x5  
  173  15:39  Zergling x4  
  175  15:43  Zergling x4  
  175  15:44  Ultralisk  
  181  15:59  Ultralisk  
  181  16:01  Zergling x4  
  188  16:06  Baneling x4  
  188  16:09  Hatchery  
  170  16:20  Ultralisk  
  170  16:21  Ultralisk  
  170  16:22  Zergling x6  
  171  16:29  Drone  
  171  16:30  Drone x4  
  174  16:42  Ultralisk  
  180  16:49  Anabolic Synthesis  
  180  16:52  Baneling x2  
  180  16:53  Drone x5  
  185  16:55  Zergling x6  
  186  17:13  Ultralisk  
  161  17:27  Zergling x20  
  161  17:28  Zergling x8  
  130  17:37  Zergling x6  
  130  17:40  Drone x4  
  127  17:45  Drone  
  128  17:54  Drone x5  
  128  17:56  Drone  
  128  17:58  Drone  
  133  18:05  Zergling x6  
  135  18:17  Ultralisk  
  140  18:20  Drone  
  140  18:21  Drone x2  
  140  18:22  Zergling x4  
  140  18:23  Drone  
  140  18:24  Drone  
  146  18:32  Baneling x7  
  146  18:36  Zergling x12  
  146  18:38  Zergling x2  
  148  18:49  Zerg Missile Weapons Level 2  
  144  18:56  Viper  
  144  18:57  Viper x2  
  144  18:59  Zergling x20  
  144  19:00  Zergling x2  
  144  19:02  Overlord  
  159  19:07  Ultralisk  
  165  19:11  Zergling x4  
  165  19:12  Zergling x4, Overlord  
  164  19:26  Zergling x16  
  164  19:30  Zergling x2  
  164  19:31  Zergling x6  
  174  19:39  Hatchery  
  174  19:44  Ultralisk  
  177  19:48  Hatchery  
  177  19:50  Zergling x16  
  171  20:01  Zergling x22  
  179  20:13  Ultralisk  
  179  20:15  Zergling x8  
  179  20:19  Drone x2  
  158  20:31  Ultralisk  
  158  20:35  Zergling x6  
  159  20:38  Drone x2  
  159  20:42  Zergling x2  
  161  20:47  Infestor  
  161  20:48  Infestor  
  165  20:54  Infestor  
  165  20:58  Zergling x6  
  165  21:01  Baneling x3  
  168  21:09  Hatchery  
  167  21:18  Infestor x4  
  166  21:21  Zergling x4  
  166  21:24  Zergling x4  
  178  21:30  Zergling x8  
  178  21:31  Zergling x6  
  181  21:32  Zergling x2  
  181  21:39  Zergling x12  
  178  21:43  Zergling x2  
  178  21:44  Zergling x6  
  178  21:46  Drone x2  
  178  21:47  Drone  
  185  21:50  Drone x3  
  188  21:56  Drone x3  
  188  21:57  Drone, Zergling x2  
  188  21:58  Zergling x2  
  192  22:03  Zergling x10  
  192  22:05  Baneling x4  
  192  22:06  Baneling  
  192  22:07  Baneling  
  197  22:12  Zergling x2  
  197  22:13  Zergling x8  
  169  22:35  Zergling x6  
  169  22:36  Zergling x30  
Show
View Real Time Build Order
Export as new Build Order

ByuN Terran 

Build Orders:  

Get SALT Encoding   

  12  0:00  SCV  
  13  0:12  SCV  
  14  0:17  Supply Depot  
  14  0:24  SCV  
  15  0:39  SCV  
  15  0:40  Barracks  
  16  0:43  Refinery  
  16  0:51  SCV  
  17  0:59  Barracks  
  18  1:04  SCV  
  18  1:16  SCV  
  19  1:19  Barracks  
  19  1:27  Reaper  
  20  1:36  Orbital Command  
  20  1:42  Refinery  
  20  1:46  Reaper  
  21  1:53  Supply Depot  
  21  2:02  Reaper  
  21  2:03  SCV  
  23  2:15  Reaper  
  24  2:16  SCV  
  24  2:18  Supply Depot  
  25  2:27  Reaper  
  25  2:28  SCV  
  27  2:34  Reaper  
  28  2:41  SCV  
  29  2:47  Reaper  
  30  2:57  SCV  
  31  2:58  Command Center  
  31  3:01  Reaper  
  32  3:09  SCV  
  32  3:12  Barracks Tech Lab  
  33  3:20  Barracks Reactor  
  33  3:22  SCV  
  34  3:34  SCV  
  35  3:42  Barracks Reactor  
  35  3:46  SCV  
  35  3:50  Command Center  
  35  3:57  Marine, Stimpack  
  35  3:58  SCV  
  37  4:09  Factory  
  36  4:10  SCV  
  36  4:11  Orbital Command  
  36  4:13  Marine x2  
  39  4:22  SCV  
  40  4:26  Marine x3  
  43  4:34  SCV  
  44  4:38  SCV  
  45  4:46  SCV  
  45  4:51  SCV  
  46  4:53  Starport, Factory Reactor  
  46  4:57  Refinery, Engineering Bay x2  
  46  4:58  SCV  
  47  5:03  SCV  
  48  5:10  SCV  
  48  5:11  Orbital Command  
  49  5:15  SCV  
  49  5:20  Barracks x2  
  50  5:23  SCV  
  50  5:26  Marine x4  
  50  5:27  SCV, Marine  
  57  5:33  Terran Infantry Weapons Level 1, Terran Infantry Armor Level 1  
  57  5:35  SCV  
  57  5:42  SCV  
  58  5:45  Combat Shield  
  58  5:49  SCV  
  59  5:50  Orbital Command  
  59  5:51  Factory Reactor  
  59  5:52  Factory Tech Lab, Medivac x2  
  59  5:54  SCV  
  59  5:57  Refinery  
  64  5:59  Supply Depot  
  64  6:02  Marine x3  
  67  6:04  Marine x2  
  67  6:11  Supply Depot  
  69  6:16  Barracks Reactor  
  69  6:18  Barracks Reactor  
  69  6:21  SCV x2, Siege Tank  
  69  6:23  SCV  
  69  6:24  Marine  
  69  6:25  Supply Depot, Marine  
  77  6:32  Marine x3  
  82  6:40  SCV  
  82  6:46  Supply Depot, SCV x2  
  87  6:48  Marine x2  
  87  6:50  Marine x3  
  87  6:52  SCV, Armory  
  87  6:53  Siege Tank  
  92  6:54  Supply Depot  
  92  6:56  Marine  
  93  7:08  SCV x3, Marine x3  
  99  7:11  Supply Depot, Marine x2  
  101  7:15  Marine  
  101  7:16  Supply Depot  
  101  7:18  Marine x3  
  101  7:19  Medivac  
  101  7:20  SCV x2  
  109  7:25  SCV, Medivac  
  112  7:32  SCV x2  
  110  7:37  SCV  
  110  7:42  Marine x3  
  110  7:43  Marine x4  
  116  7:44  SCV x2  
  116  7:46  Marine x2  
  116  7:48  Siege Tank  
  116  7:49  SCV  
  116  7:50  Terran Infantry Armor Level 2, Terran Infantry Weapons Level 2  
  120  7:56  SCV  
  121  8:00  Marine x2  
  121  8:03  Medivac x2  
  121  8:04  Marine x2  
  121  8:05  Marine x2  
  130  8:06  Marine  
  130  8:07  Marine  
  130  8:09  Supply Depot  
  130  8:11  Supply Depot  
  133  8:14  Marine  
  133  8:16  Terran Vehicle Weapons Level 1  
  133  8:17  Supply Depot  
  134  8:20  Refinery  
  134  8:21  Factory  
  134  8:28  Siege Tank  
  134  8:31  Marine  
  134  8:32  Marine  
  134  8:33  Marine x3  
  134  8:34  Marine x2  
  140  8:36  Orbital Command  
  134  8:41  Marine  
  134  8:44  Marine  
  134  8:47  SCV x2  
  118  8:49  Marine x2  
  118  8:51  Marine x3  
  118  8:52  Orbital Command, Marine x2  
  121  8:59  SCV x2, Marine  
  124  9:07  Marine  
  124  9:08  Marine  
  117  9:25  Supply Depot x2  
  117  9:30  Supply Depot  
  117  9:35  Supply Depot  
  117  9:36  Marine x3  
  117  9:37  Siege Tank, SCV x2  
  125  9:46  SCV, Marine  
  125  9:49  SCV x2  
  125  9:51  Marine x5  
  125  9:54  Marine x3  
  125  9:58  SCV  
  127  10:01  SCV x2  
  128  10:10  SCV  
  128  10:13  SCV x2  
  131  10:16  Marine x3  
  131  10:17  Marine x5  
  139  10:22  SCV  
  139  10:24  Marine  
  139  10:25  SCV x2  
  139  10:26  Supply Depot  
  143  10:34  Marine x2  
  143  10:35  SCV  
  138  10:37  SCV x2, Marine x2  
  138  10:39  Marine  
  138  10:40  Marine  
  138  10:41  Siege Tank  
  142  10:43  Marine x3  
  145  10:52  Marine x2  
  147  10:57  Marine x4  
  147  11:03  Marine x3  
  154  11:10  Marine x2  
  156  11:15  Marine  
  157  11:23  Marine  
  157  11:27  Marine  
  157  11:28  Marine x3  
  157  11:29  Terran Infantry Armor Level 3, Terran Infantry Weapons Level 3, Medivac  
  157  11:30  Medivac  
  157  11:31  Marine  
  157  11:32  Marine  
  157  11:45  Marine  
  157  11:50  Supply Depot, Siege Tank, Marine x3  
  157  11:52  Command Center  
  157  11:53  Marine x5  
  151  12:03  Marine  
  151  12:08  Marine x3  
  152  12:11  Marine x3  
  152  12:13  Medivac x2  
  159  12:21  Marine  
  159  12:22  Barracks x2  
  142  12:24  Marine x2  
  142  12:25  Barracks  
  142  12:26  Siege Tank, Marine x3  
  142  12:28  Marine  
  142  12:29  Marine x2  
  153  12:39  Marine  
  153  12:42  Marine x2  
  153  12:43  Marine x2  
  158  12:44  Marine  
  158  12:46  Marine x3  
  158  12:48  Supply Depot, Factory  
  158  12:49  Supply Depot  
  162  12:56  Marine  
  162  12:58  Siege Tank  
  166  13:00  Marine x2  
  166  13:03  Marine  
  166  13:04  Marine  
  169  13:09  Marine  
  169  13:12  Marine x3  
  169  13:15  Barracks Reactor x3  
  171  13:27  Terran Vehicle Weapons Level 2  
  171  13:29  Marine  
  171  13:30  Siege Tank  
  171  13:33  Marine  
  171  13:34  Marine  
  173  13:36  Marine  
  173  13:37  Marine  
  173  13:40  Marine  
  166  13:41  Marine  
  166  13:48  Marine  
  153  13:54  Marine x7  
  153  13:55  Marine x3  
  138  13:57  SCV  
  138  13:58  SCV  
  138  13:59  Factory  
  138  14:02  SCV  
  141  14:04  Marine x3  
  141  14:06  Medivac x2  
  141  14:09  SCV  
  132  14:10  Marine x2  
  132  14:12  Marine x4  
  138  14:17  Factory Tech Lab  
  138  14:20  Marine x6  
  144  14:27  Orbital Command  
  144  14:31  Marine  
  144  14:32  Marine  
  144  14:33  Marine x7  
  144  14:38  Marine x2  
  155  14:45  Marine  
  155  14:46  Marine x3  
  155  14:49  Marine  
  155  14:50  Marine  
  161  14:56  Siege Tank x2  
  161  14:57  Orbital Command, Marine x6  
  161  14:59  Marine x2  
  175  15:10  Sensor Tower  
  175  15:15  Marine x4  
  175  15:16  Marine x5  
  184  15:21  Marine  
  184  15:22  Marine  
  184  15:25  Marine x3  
  189  15:30  Marine  
  189  15:33  Marine x5  
  195  15:39  Sensor Tower  
  195  15:40  Siege Tank  
  198  15:45  Marine x2  
  200  15:53  Marine x4  
  200  15:54  Marine x3  
  200  15:55  Siege Tank  
  190  15:59  Marine x6  
  190  16:03  Marine  
  197  16:04  Marine  
  197  16:11  Marine x4  
  197  16:12  Marine x2  
  197  16:13  Marine  
  197  16:17  Marine x4  
  195  16:19  Marine  
  195  16:20  SCV x3, Marine  
  195  16:21  Marine  
  195  16:22  Marine  
  189  16:32  SCV x2  
  191  16:33  SCV  
  191  16:39  Marine  
  192  16:40  Marine x5  
  192  16:42  Marine x2  
  200  16:49  Barracks x2  
  200  16:51  Barracks  
  200  16:52  Barracks  
  195  17:02  SCV x3  
  195  17:11  Marine x2  
  195  17:12  Siege Tank, Marine  
  192  17:18  Medivac  
  192  17:19  Marine  
  192  17:22  Marine  
  180  17:23  Marine x4  
  180  17:25  Marine  
  180  17:27  Siege Tank, Marine x4  
  161  17:31  Marine x2  
  161  17:35  Marine x2  
  134  17:38  Marine  
  134  17:40  Marine  
  134  17:41  Marine x4  
  134  17:42  Marine  
  127  17:44  Siege Tank, Marine  
  127  17:45  Marine x3  
  127  17:46  Medivac  
  127  17:48  Medivac  
  127  17:49  Marine  
  127  17:50  Barracks Tech Lab  
  127  17:51  Barracks Tech Lab x2  
  139  17:52  Barracks Tech Lab  
  139  17:54  Missile Turret  
  136  18:04  Marauder  
  136  18:05  Siege Tank  
  131  18:16  Siege Tank, Medivac  
  131  18:17  Marauder x3, Medivac  
  131  18:18  Marauder  
  143  18:23  Concussive Shells  
  143  18:25  Marauder  
  145  18:33  Marine  
  145  18:34  Marine x5  
  146  18:36  Marine  
  146  18:39  Marauder x4  
  146  18:40  Marine  
  146  18:41  Marine x6  
  167  18:55  Marine x7, Marauder  
  160  18:58  Marine x2  
  160  18:59  Siege Tank x2, Marine x2  
  160  19:00  Marauder x3  
  184  19:10  Marauder  
  184  19:19  Missile Turret  
  184  19:24  Marauder  
  184  19:25  Marauder  
  184  19:29  Marauder  
  184  19:30  Marauder  
  193  19:31  Marauder  
  193  19:32  Marine x2  
  193  19:35  Marine  
  195  19:39  Orbital Command  
  195  19:42  Marine  
  195  19:44  Siege Tank  
  199  19:59  Siege Tank  
  179  20:02  Marine x3, Marauder x3  
  179  20:04  Marine x2  
  169  20:14  SCV x2  
  153  20:24  Marauder x3  
  153  20:25  Marine  
  153  20:26  Marine  
  138  20:28  Marine  
  138  20:29  Marine x2  
  138  20:33  Marine x2  
  132  20:36  Marine x4  
  136  20:56  Orbital Command  
  135  20:58  SCV x2  
  137  21:07  Medivac  
  137  21:09  Marine x7  
  137  21:10  SCV, Marine x5  
  152  21:16  Marine  
  153  21:18  Marine  
  153  21:19  Marine  
  153  21:22  Refinery  
  153  21:25  Refinery  
  151  21:40  Marine  
  151  21:41  Marine x6  
  151  21:44  Marine  
  159  21:47  Medivac  
  161  22:15  Marine x10, Marauder x2  
  175  22:25  Marine  
  175  22:26  Marine  
  175  22:28  Marine  
  165  22:33  Marine x2  
  165  22:34  Marine x4  
Tags
 
League
Master
Matchup
TvZ
Player
ByuNDark
Replay Pack
December 2023
Spawn Locations
Cross Positions
Add a new tag
Caveats
  • Supply blocks, unpowered buildings, or Contaminate may cause inaccurate times.
  • Supply counts are checked every 10 seconds.